 Dungeon Crawl Stone Soup version 0.28-a0-973-ga7f8b01127 (webtiles) character file.

Game seed: 2555059497013628119

1140 Hipnos the Thaumaturge (level 8, -1/42 HPs)
             Began as a Deep Elf Ice Elementalist on Dec 1, 2021.
             Slain by a wyvern skeleton (9 damage)
             ... on level 6 of the Dungeon.
             The game lasted 00:12:15 (6929 turns).

Hipnos the Thaumaturge (Deep Elf Ice Elementalist)  Turns: 6929, Time: 00:12:15

Health: -1/42      AC: 12    Str:  5    XL:     8   Next: 14%
Magic:  20/22      EV: 13    Int: 35    God:
Gold:   235        SH:  0    Dex: 15    Spells: 10/23 levels left

rFire   . . .      SeeInvis .   s - +2 whip (drain)
rCold   . . .      Faith    .   (no shield)
rNeg    . . .      Spirit   .   a - +0 robe
rPois   .          Reflect  .   (no helmet)
rElec   .          Harm     .   (no cloak)
rCorr   .          Rampage  .   (no gloves)
Will    .....                   (no boots)
Stlth   ++........              v - amulet of magic regeneration
HPRegen 0.14/turn               o - +6 ring of intelligence
MPRegen 0.58/turn               u - +6 ring of intelligence

@: ice-armoured, freezing walls
A: no striking features
a: no special abilities


You were on level 6 of the Dungeon.
You visited 1 branch of the dungeon, and saw 6 of its levels.

You collected 235 gold pieces.

Inventory:

Hand Weapons
 g - a +1 dagger of venom
 s - a +2 whip of draining (weapon)
Armour
 a - a +0 robe (worn)
Magical Staves
 x - a staff of poison
Jewellery
 f - a +6 ring of dexterity
 h - an amulet of guardian spirit
 m - a +4 ring of slaying
 o - a +6 ring of intelligence (left hand)
 p - an amulet of magic regeneration
 u - a +6 ring of intelligence (right hand)
 v - an amulet of magic regeneration (around neck)
 w - a ring of wizardry
 y - a ring of willpower
 B - a +6 ring of strength
Wands
 i - a wand of flame (41)
 n - a wand of polymorph (5)
Scrolls
 b - a scroll of acquirement {unknown}
 c - 6 scrolls of identify {unknown}
 d - 2 scrolls of silence {unknown}
 j - a scroll of fear {unknown}
 k - a scroll of noise {unknown}
 t - a scroll of magic mapping {unknown}
 z - a scroll of teleportation {unknown}
Potions
 e - 2 potions of resistance {unknown}
 l - a potion of curing {unknown}
 q - 2 potions of cancellation {unknown}
 r - a potion of attraction {unknown}
 A - a potion of heal wounds


   Skills:
 + Level 0.8 Fighting
 + Level 2.4 Short Blades
 - Level 1.1 Maces & Flails
 + Level 3.6 Dodging
 - Level 3.3 Stealth
 * Level 8.2 Spellcasting
 * Level 7.9 Ice Magic


You had 10 spell levels left.
You knew the following spells:

 Your Spells              Type           Power      Damage    Failure   Level
a - Freeze                Ice            100%       1d11      1%          1
b - Frozen Ramparts       Ice            100%       1d12      1%          3
c - Ozocubu's Armour      Ice            63%        N/A       1%          3
d - Hailstorm             Conj/Ice       42%        3d10      6%          4
e - Ensorcelled Hibernat  Hex/Ice        84%        N/A       1%          2

Your spell library contained the following spells:

 Spells                   Type           Power      Damage    Failure   Level
 Apportation              Tloc           28%        N/A       3%          1
 Ice Form                 Ice/Tmut       42%        N/A       6%          4
 Call Canine Familiar     Summ           14%        N/A       9%          3
 Portal Projectile        Hex/Tloc       28%        N/A       9%          3
 Tukima's Dance           Hex            14%        N/A       9%          3
 Leda's Liquefaction      Hex/Erth       7%         N/A       30%         4
 Alistair's Intoxication  Tmut/Pois      9%         N/A       63%         5
 Simulacrum               Ice/Necr       21%        N/A       65%         6


Dungeon Overview and Level Annotations

Branches:
Dungeon (6/15)
 Temple: D:4-7

Altars:
Ashenzari
Fedhas

Shops:
D:4 !

Annotations:
D:4 exclusion: oklob plant


Message History

The wyvern skeleton is heavily damaged.
The wyvern skeleton completely resists.
The wall freezes the wyvern skeleton but does no damage.
The wyvern skeleton bites you.
The wyvern skeleton resists.
The wall freezes the wyvern skeleton.
The wyvern skeleton misses you.
You completely miss the wyvern skeleton.
The wyvern skeleton is heavily damaged.
The wyvern skeleton completely resists.
The wall freezes the wyvern skeleton but does no damage.
The wyvern skeleton bites you.
* * * LOW HITPOINT WARNING * * *
Unknown command.
Casting: Ozocubu's Armour (safe; 1% risk of failure)
Confirm with . or Enter, or press ? or * to list all spells.
Okay, then.
Casting: Ozocubu's Armour (safe; 1% risk of failure)
Confirm with . or Enter, or press ? or * to list all spells.
You can't see any susceptible monsters within range! (Use Z to cast anyway.)
Casting: Ozocubu's Armour (safe; 1% risk of failure)
Confirm with . or Enter, or press ? or * to list all spells.
Aiming: Freeze (safe; 1% risk of failure)
Press: ? - help, Shift-Dir - straight line, f - wyvern skeleton
Aim: a wyvern skeleton (heavily damaged)
You freeze the wyvern skeleton.
The wyvern skeleton resists.
The wyvern skeleton is severely damaged.
The wyvern skeleton completely resists.
The wall freezes the wyvern skeleton but does no damage.
The wyvern skeleton bites you but does no damage.
Casting: Freeze (safe; 1% risk of failure)
Confirm with . or Enter, or press ? or * to list all spells.
Aiming: Freeze (safe; 1% risk of failure)
Press: ? - help, Shift-Dir - straight line, f/p - wyvern skeleton
Aim: a wyvern skeleton (severely damaged)
You freeze the wyvern skeleton.
The wyvern skeleton resists.
The wyvern skeleton is severely damaged.
The wyvern skeleton completely resists.
The wall freezes the wyvern skeleton but does no damage.
The wyvern skeleton barely misses you.
The wyvern skeleton resists.
The wall freezes the wyvern skeleton.
The wyvern skeleton bites you!
You die...

#.........#.....##
#......######...#
#....#......###...#
#..#.######.......# #.
# ##..##.)# ..#
#.####...##.# ..
#.....#...#.##
#.#.#####...#.#..##
##...Z@..##..#.....##
...........#....[....#
$.###..##....##......##
...#.#..#####.....†.##
###.....## ####.##..#
###... #...... .....
#####.. ###...
...####... #..#
.........#


You could see a wyvern skeleton.

Vanquished Creatures
  3 sky beasts
  A black bear (D:6)
  A necrophage (D:4)
  2 scorpions (D:4)
  2 water moccasin skeletons (D:4)
  A bullfrog zombie (D:5)
  2 hounds
  Terence (D:2)
  4 iguanas
  2 orc wizards
  A hound skeleton (D:3)
  7 gnolls
  3 adders
  A howler monkey skeleton (D:5)
  A white imp (D:5)
  2 adder skeletons (D:4)
  3 worms
  A dart slug (D:1)
  6 orcs
  5 ball pythons
  3 bats
  3 endoplasms
  3 giant cockroaches (D:1)
  4 goblins
  6 hobgoblins
  4 quokkas
  4 frilled lizards
  5 kobolds
  5 rats
86 creatures vanquished.

Notes
Turn   | Place    | Note
-------+----------+-------------------------------------------
     0 | D:1      | Hipnos the Deep Elf Ice Elementalist began the quest for
                  | the Orb.
     0 | D:1      | Reached XP level 1. HP: 10/10 MP: 6/6
   195 | D:1      | Reached XP level 2. HP: 15/15 MP: 2/8
   784 | D:1      | Reached skill level 5 in Ice Magic
  1504 | D:2      | Reached XP level 3. HP: 19/19 MP: 8/10
  1522 | D:2      | Noticed Terence
  1544 | D:2      | Learned a level 3 spell: Frozen Ramparts
  1548 | D:2      | Learned a level 3 spell: Ozocubu's Armour
  1567 | D:2      | Killed Terence
  1750 | D:2      | Reached skill level 4 in Spellcasting
  2597 | D:2      | Reached XP level 4. HP: 20/24 MP: 1/12
  2598 | D:2      | Reached skill level 1 in Short Blades
  2926 | D:3      | Found a broken altar of Ashenzari.
  3313 | D:3      | Found a faded altar of an unknown god.
  3689 | D:4      | Reached XP level 5. HP: 26/28 MP: 10/14
  4094 | D:4      | Reached skill level 5 in Spellcasting
  4096 | D:4      | Reached XP level 6. HP: 18/32 MP: 10/16
  4236 | D:4      | Learned a level 4 spell: Hailstorm
  4239 | D:4      | Learned a level 2 spell: Ensorcelled Hibernation
  5047 | D:4      | Found a blossoming altar of Fedhas.
  5071 | D:4      | Noticed an oklob plant
  5181 | D:4      | Found Jettua's Distillery.
  5196 | D:4      | Reached skill level 1 in Maces & Flails
  5196 | D:4      | Reached skill level 6 in Spellcasting
  5196 | D:4      | Reached XP level 7. HP: 20/37 MP: 11/18
  5572 | D:5      | Entered Level 5 of the Dungeon
  6303 | D:5      | Reached skill level 7 in Spellcasting
  6700 | D:6      | Reached XP level 8. HP: 23/42 MP: 19/21
  6732 | D:6      | Reached skill level 8 in Spellcasting
  6929 | D:6      | Slain by a wyvern skeleton

Illustrated notes

Levels and vault maps discovered:
D:1:      lemuel_arrival_behind_the_door_small, layout_basic
D:2:      layout_basic, uniq_terence
D:3:      layout_rooms, ashenzari_conservatory_becter,
          hellmonk_ecumenical_altar_zigzags, fountainhead
D:4:      layout_basic, tgw_fedhas, serial_shops, nicolae_stop_n_shop_2
D:5:      layout_loops_ring
D:6:      minmay_spotlight, layout_rooms, corexii_corridor_pit

Skill      XL: |  1  2  3  4  5  6  7  8 |
---------------+-------------------------+-----
Ice Magic      | 5 6 7 |  7.9
Spellcasting   | 4 5 6 7 8 |  8.2
Short Blades   | 1 2 |  2.4
Stealth        | 3 |  3.3
Dodging        | 3 |  3.6
Maces & Flails | 1 |  1.1
Fighting       | |  0.8

Action                   |  1- 3 |  4- 6 |  7- 9 || total
-------------------------+-------+-------+-------++-------
Melee: Unarmed           |    10 |       |       ||    10
       Dagger            |     5 |    36 |       ||    41
       Whip              |       |    39 |    28 ||    67
 Cast: Freeze            |    42 |    30 |    46 ||   118
       Frozen Ramparts   |     3 |     8 |     7 ||    18
       Ozocubu's Armour  |     1 |     4 |     6 ||    11
  Use: Potion            |       |     2 |     1 ||     3
Armor: Robe              |    11 |    24 |    13 ||    48
Dodge: Dodged            |    25 |    47 |    41 ||   113

Table legend: (Time is in decaauts)
 A = Elapsed time spent in this place.
 B = Non-inter-level travel time spent in this place.
 C = Inter-level travel time spent in this place.
 D = Time resting spent in this place.
 E = Time spent auto-exploring this place.
 F = Levels seen in this place.
 G = Mean time per level.
                   A        B        C        D        E       F      G
               +--------+--------+--------+--------+--------+-----+--------+
         Total |   6930 |   6703 |    227 |    250 |   5717 |   6 | 1155.0 |
       Dungeon |   6930 |   6703 |    227 |    250 |   5717 |   6 | 1155.0 |
               +--------+--------+--------+--------+--------+-----+--------+

Top non-repeatable levels by time:
     D:4: 1974 daAuts
     D:1: 1392 daAuts
     D:2: 1353 daAuts
     D:5: 1065 daAuts
     D:3: 852 daAuts
     D:6: 291 daAuts
